 Dungeon Crawl Stone Soup version 0.18.1-6-gd335043 (webtiles) character file.

38599 Kenran the Fencer (level 13, -10/119 HPs)
             Began as a Minotaur Fighter on May 16, 2016.
             Was a High Priest of Okawaru.
             Killed from afar by an ice dragon (45 damage)
             ... with a blast of cold
             ... in an ice cave.
             The game lasted 01:04:01 (25185 turns).

Kenran the Fencer (Minotaur Fighter)               Turns: 25185, Time: 01:04:03

Health: -10/119    AC: 23    Str: 20    XL:     13   Next: 64%
Magic:  15/17      EV: 14    Int:  7    God:    Okawaru [*****.]
Gold:   754        SH:  0    Dex: 16    Spells: 0 memorised, 12 levels left

rFire  . . .     SeeInvis .     e - +9 falchion of Midnight {venom, rN+ Int+2}
rCold  . . .     Gourm    .     h - +0 plate armour
rNeg   + . .     Faith    .     (no shield)
rPois  +         Spirit   .     (helmet restricted)
rElec  .         Dismiss  .     P - +2 cloak {rPois}
rCorr  .         Reflect  .     s - +1 pair of gloves
SustAt .         Harm     .     (no boots)
MR     ++...                    (no amulet)
Stlth  ..........               E - ring of protection from magic
                                b - ring of protection from magic

@: heroism, drained, very resistant to hostile enchantments, extremely
unstealthy
A: retaliatory headbutt, horns 2
a: Heroism, Finesse, Renounce Religion


You were in an ice cave.
You worshipped Okawaru.
Okawaru was extremely pleased with you.
You were not hungry.

You visited 3 branches of the dungeon, and saw 17 of its levels.
You also visited: Labyrinth, Sewer and Ice Cave.

You collected 754 gold pieces.

Inventory:

Hand Weapons
 e - the +9 falchion of Midnight (weapon) {venom, rN+ Int+2}
   (Okawaru gifted it to you on level 1 of the Lair of Beasts)

   It poisons the flesh of those it strikes.
   It affects your intelligence (+2).
   It protects you from negative energy.
 y - a +1 flail of crushing
 S - a +1 great sword of slicing
Armour
 h - a +0 plate armour (worn)
 s - a +1 pair of gloves (worn)
 P - a +2 cloak of poison resistance (worn)
Jewellery
 b - a ring of protection from magic (left hand)
 E - a ring of protection from magic (right hand)
 R - an uncursed ring of resist corrosion
Wands
 g - a wand of acid (15/15)
 t - a wand of flame (31/48)
 u - a wand of acid (2/15)
 C - a wand of lightning (0/15)
 Q - a wand of flame (29/48)
 V - a wand of disintegration (11/24)
Scrolls
 a - 2 scrolls of enchant armour
 j - 2 scrolls of noise
 m - 2 scrolls of recharging
 n - 5 scrolls of identify
 p - 9 scrolls of teleportation
 w - 3 scrolls of blinking
 x - 2 scrolls of magic mapping
 z - 7 scrolls of remove curse
 D - 4 scrolls of amnesia
 H - 2 scrolls of enchant weapon
 I - 2 scrolls of fog
Potions
 d - 3 potions of might
 i - 4 potions of haste
 k - 2 potions of agility {unknown}
 l - a potion of curing
 o - a potion of lignification {unknown}
 q - a potion of brilliance {unknown}
 r - 2 potions of degeneration {unknown}
 v - 3 potions of mutation {unknown}
 A - 3 potions of flight
 B - 3 potions of magic
 G - 2 potions of cure mutation {unknown}
 J - a potion of ambrosia {unknown}
 L - 3 potions of resistance
 O - a potion of heal wounds
Comestibles
 c - 8 slices of pizza
 f - 7 bread rations
 F - 3 beef jerkies
 K - 2 meat rations


   Skills:
 + Level 12.8(17.5) Fighting
 - Level 18.4(23.1) Long Blades
 - Level 11.0(15.8) Armour
 - Level 8.4(13.1) Dodging
   Level 3.6(8.4) Shields
 - Level 7.1(6.9) Invocations


You had 12 spell levels left.
You didn't know any spells.

Dungeon Overview and Level Annotations

Branches:
Dungeon (12/15)            Temple (1/1) D:5            Lair (4/8) D:9
 Spider (0/4) Lair:3
  Swamp: Lair:3-6    Shoals: Lair:3-6       Orc: D:9-12

Altars:
Ashenzari
Cheibriados
Dithmenos
Elyvilon
Fedhas
Gozag
Kikubaaqudgha
Makhleb
Nemelex Xobeh
Okawaru
Pakellas
Qazlal
Ru
Sif Muna
Trog
Vehumet
Xom
Yredelemnul
Zin
The Shining One


Innate Abilities, Weirdness & Mutations

You reflexively headbutt those who attack you in melee.
You have a pair of horns on your head.


Message History

You hit the ice dragon but do no damage.
The ice dragon is severely wounded.
The ice dragon breathes frost at you. The blast of cold misses you.
You slash the ice dragon!
You headbutt the ice dragon, but do no damage.
The ice dragon is almost dead.
The ice dragon bites you!
The ice dragon claws you but does no damage.
The ice dragon tramples you.
* * * LOW HITPOINT WARNING * * *
You hold your ground!
You gain the combat prowess of a mighty hero.
You feel slightly more hungry.
The ice dragon bites you but does no damage.
The ice dragon closely misses you.
The ice dragon tramples you but does no damage.
The ice dragon breathes frost at you. The blast of cold hits you!
You die...

######..
##......#
##....#### ###
##..#### $
##.###..## =.
#....#.## ...
#.##...# ....
###..#####
....D ##@##...#
#.....#DD....##
#......####
########


You could see 2 ice dragons.

Vanquished Creatures
  A minotaur (Lab)
  2 hydras
  The ghost of ThermosAquaticus the Basher, a novice OgSu of Ashenzari (D:8)
  The ghost of Suckerboh the Slicer, a journeyman HaAs of Nemelex Xobeh (D:11)
  Sonja (Lair:3)
  A hill giant (D:10)
  An orc sorcerer (D:9)
  A wolf spider (Lair:3)
  A cyclops (D:9)
  2 black mambas
  Joseph (D:7)
  6 elephants (Lair:3)
  2 ice statues (IceCv)
  3 spiny frogs
  A rime drake (Lair:4)
  2 komodo dragons
  3 blink frogs (Lair:1)
  2 wyverns
  6 redbacks
  54 yaks
  2 wraiths
  A human (D:7)
  9 basilisks
  4 hippogriffs
  Menkaure (D:7)
  Edmund (D:5)
  3 water moccasins
  14 porcupines
  3 orc warriors
  A necrophage (D:6)
  25 ice beasts
  A wasp (D:6)
  5 black bears
  2 phantoms
  6 ogres
  3 wolves (Lair:3)
  9 centaurs
  14 crocodiles
  5 big kobolds
  22 giant frogs
  5 scorpions
  31 killer bees
  15 wights
  7 howler monkeys
  9 crimson imps
  A quasit (D:9)
  3 centaur zombies
  4 orc priests
  A giant frog skeleton (D:11)
  A gnoll shaman (D:9)
  8 hounds
  2 jellies
  6 centaur skeletons
  6 iguanas
  8 worker ants
  4 hell rats (Lair:1)
  11 orc wizards
  20 sheep
  A hound zombie (D:9)
  A howler monkey skeleton (D:4)
  9 gnolls
  10 adders
  36 river rats
  3 shadow imps
  4 oozes
  2 adder skeletons
  An adder zombie (D:8)
  6 worms
  A dart slug (D:2)
  11 giant geckos
  35 orcs
  4 bats
  10 giant cockroaches
  7 goblins
  8 hobgoblins
  11 jackals
  4 quokkas
  5 ball pythons
  A giant gecko zombie (D:7)
  A giant newt (D:3)
  A jackal skeleton (D:4)
  30 kobolds
  A quokka zombie (D:5)
  25 rats
593 creatures vanquished.

Vanquished Creatures (others)
  8 fungi
  8 plants
16 creatures vanquished.

Grand Total: 609 creatures vanquished

Notes
Turn   | Place    | Note
--------------------------------------------------------------
     0 | D:1      | Kenran the Minotaur Fighter began the quest for the Orb.
     0 | D:1      | Reached XP level 1. HP: 19/19 MP: 0/0
   216 | D:1      | Reached skill level 3 in Long Blades
   312 | D:1      | Reached XP level 2. HP: 26/26 MP: 1/1
   906 | D:2      | Reached skill level 4 in Long Blades
  1168 | D:2      | Reached XP level 3. HP: 31/31 MP: 2/2
  1278 | D:2      | Found a basalt altar of Yredelemnul.
  1377 | D:2      | Found a glowing golden altar of the Shining One.
  1908 | D:3      | Reached skill level 5 in Long Blades
  1923 | D:3      | Reached XP level 4. HP: 35/39 MP: 3/3
  2538 | D:4      | Reached skill level 6 in Long Blades
  2672 | D:4      | Reached XP level 5. HP: 30/45 MP: 4/4
  2802 | D:4      | Reached skill level 7 in Long Blades
  3393 | D:4      | Noticed an ogre
  3920 | D:5      | Entered Level 5 of the Dungeon
  3925 | D:5      | Noticed an ice beast
  3962 | D:5      | Found a glowing drain.
  3978 | D:5      | Found a staircase to the Ecumenical Temple.
  4017 | D:5      | Reached XP level 6. HP: 50/51 MP: 5/5
  4033 | Temple   | Entered the Ecumenical Temple
  4071 | Temple   | Became a worshipper of Warmaster Okawaru
  4277 | D:5      | Reached skill level 8 in Long Blades
  4360 | Sewer    | Entered a sewer
  4461 | Sewer    | Reached skill level 9 in Long Blades
  4671 | Sewer    | Reached XP level 7. HP: 57/57 MP: 6/6
  4798 | D:5      | Reached * piety under Okawaru
  4908 | D:5      | Reached skill level 5 in Fighting
  5170 | D:5      | Identified the Incunabulum of the Creative Compass
  5232 | D:5      | Found a sacrificial altar of Ru.
  5599 | D:4      | Reached ** piety under Okawaru
  5711 | D:4      | Reached XP level 8. HP: 39/73 MP: 7/7
  6216 | D:6      | Noticed Edmund
  6237 | D:5      | Killed Edmund
  6769 | D:6      | Reached skill level 10 in Fighting
  7916 | D:5      | Reached skill level 10 in Long Blades
  7916 | D:5      | Reached XP level 9. HP: 61/86 MP: 8/8
  8171 | D:6      | Found a bloodstained altar of Trog.
  8268 | D:6      | Reached *** piety under Okawaru
  8285 | D:6      | Reached skill level 11 in Long Blades
  8862 | D:7      | Noticed Menkaure
  8869 | D:7      | Killed Menkaure
  9229 | D:7      | Noticed Joseph
  9248 | D:7      | Killed Joseph
  9248 | D:7      | Reached skill level 12 in Long Blades
  9406 | D:7      | Found a snail-covered altar of Cheibriados.
  9450 | D:7      | Reached skill level 13 in Long Blades
  9524 | D:7      | Reached **** piety under Okawaru
  9672 | D:7      | Reached XP level 10. HP: 94/94 MP: 9/9
  9828 | D:7      | Found a glowing silver altar of Zin.
  9847 | D:7      | Found a blossoming altar of Fedhas.
 10183 | D:7      | Found a shadowy altar of Dithmenos.
 10212 | D:7      | Reached skill level 14 in Long Blades
 10820 | D:8      | Noticed ThermosAquaticus's ghost (novice OgSu)
 10832 | D:8      | Killed ThermosAquaticus's ghost
 10832 | D:8      | Reached ***** piety under Okawaru
 10868 | D:8      | Found a deep blue altar of Sif Muna.
 11724 | D:8      | Received a gift from Okawaru
 12261 | D:9      | Found a white marble altar of Elyvilon.
 12500 | D:9      | Noticed a cyclops
 12501 | D:9      | Reached skill level 10 in Armour
 12704 | D:9      | Reached skill level 1 in Invocations
 12704 | D:9      | Reached XP level 11. HP: 80/101 MP: 9/11
 12777 | D:9      | Found a staircase to the Lair.
 13359 | D:9      | Noticed an orc sorcerer
 13360 | D:9      | Noticed a sun demon
 13399 | D:9      | Killed an orc sorcerer
 13506 | D:9      | Found a sparkling altar of Nemelex Xobeh.
 13509 | D:9      | Found an ancient bone altar of Kikubaaqudgha.
 13516 | D:9      | Found a shimmering altar of Xom.
 13934 | Lair:1   | Entered Level 1 of the Lair of Beasts
 14015 | Lair:1   | Noticed a four-headed hydra
 14337 | Lair:1   | Killed a four-headed hydra
 14337 | Lair:1   | Received a gift from Okawaru
 14964 | Lair:1   | Reached skill level 15 in Long Blades
 15748 | Lair:1   | Reached skill level 16 in Long Blades
 15772 | Lair:1   | Received a gift from Okawaru
 15775 | Lair:1   | Got a polished falchion {god gift}
 15957 | Lair:1   | Identified the +9 falchion of Midnight {venom, rN+ Int+2} (Okawaru gifted it to you on level 1 of the Lair of Beasts)
 16099 | Lair:1   | Got a heavily runed large shield
 16100 | Lair:1   | Identified the +1 large shield of the Apprentice {rElec rC+ Str+2 Dex-5} (You found it on level 1 of the Lair of Beasts)
 16415 | Lair:1   | Reached ****** piety under Okawaru
 16561 | Lair:1   | Reached XP level 12. HP: 112/112 MP: 12/12
 17341 | Lair:2   | Reached skill level 17 in Long Blades
 18153 | Lair:3   | Received a gift from Okawaru
 18347 | Lair:3   | Found a hole to the Spider Nest.
 18379 | Lair:3   | Reached skill level 18 in Long Blades
 18795 | Lair:3   | Noticed Sonja
 18818 | Lair:3   | Killed Sonja
 19467 | Lair:4   | Found a labyrinth entrance.
 19495 | Lab      | Entered a labyrinth
 20614 | Lab      | Reached skill level 5 in Invocations
 20752 | Lab      | Noticed a minotaur
 20768 | Lab      | Killed a minotaur
 21414 | Lair:4   | Reached XP level 13. HP: 113/118 MP: 17/17
 21486 | Lair:4   | Reached skill level 1 in Dodging
 21496 | Lair:4   | Received a gift from Okawaru
 22191 | D:10     | Entered Level 10 of the Dungeon
 22357 | D:10     | Reached skill level 5 in Dodging
 23239 | Lair:1   | Got a steaming great mace {god gift}
 23240 | Lair:1   | Identified the +10 great mace "Getept Voew" {venom, *Contam Int+6 Stlth+} (Okawaru gifted it to you on level 1 of the Lair of Beasts)
 23432 | D:11     | Noticed Suckerboh's ghost (journeyman HaAs)
 23491 | D:11     | Killed Suckerboh's ghost
 24264 | D:12     | Found a frozen archway.
 24384 | IceCv    | Entered an ice cave
 25185 | IceCv    | Killed from afar by an ice dragon

Skill      XL: |  1  2  3  4  5  6  7  8  9 10 11 12 13 |
---------------+----------------------------------------+-----
Long Blades    | 3 4 5 6 7 9 10 13 14 16 18 | 18.4
Fighting       | 7 10 12 | 12.8
Armour         | 10 11 | 11.0
Invocations    | 1 2 6 7 |  7.1
Dodging        | 8 |  8.4
Shields        | |  3.6

Action                   |  1- 3 |  4- 6 |  7- 9 | 10-12 | 13-15 || total
-------------------------+-------+-------+-------+-------+-------++-------
Melee: Long sword        |   103 |   191 |   249 |       |       ||   543
       Headbutt          |    13 |    24 |    70 |   195 |   113 ||   415
       Great sword       |       |       |    83 |   474 |       ||   557
       Falchion          |       |       |       |   341 |   422 ||   763
       Flail             |       |       |       |    10 |     5 ||    15
       Punch             |       |       |       |     2 |       ||     2
Invok: Heroism           |       |       |     3 |     4 |     2 ||     9
       Finesse           |       |       |       |     1 |       ||     1
Evoke: Wand              |       |       |       |     1 |       ||     1
  Use: Potion            |       |     2 |     2 |     3 |       ||     7
       Scroll            |       |       |    14 |     5 |    10 ||    29
  Eat: Chunk             |     3 |     3 |    12 |    20 |     5 ||    43
       Meat ration       |       |     1 |     1 |     1 |       ||     3
       Beef jerky        |       |     1 |       |     2 |     2 ||     5
       Pizza             |       |       |       |     1 |       ||     1
       Fruit             |       |       |       |     9 |     3 ||    12
       Royal jelly       |       |       |       |       |     1 ||     1
Armor: Scale mail        |    50 |    64 |    90 |       |       ||   204
       Plate armour      |       |       |    63 |   494 |   205 ||   762
Dodge: Dodged            |    23 |    40 |    82 |   222 |   144 ||   511
Block: Shield            |    45 |    86 |   129 |       |       ||   260
